 Dungeon Crawl Stone Soup version 0.22.0-6-g71bd7aa (webtiles) character file.

6399 inmateoo the Spear-Bearer (level 10, -8/91 HPs)
             Began as a Hill Orc Fighter on Aug 15, 2018.
             Was a Priest of Beogh.
             Mangled by a blink frog (15 damage)
             ... on level 1 of the Lair of Beasts.
             The game lasted 00:10:24 (9321 turns).

inmateoo the Spear-Bearer (Hill Orc Fighter)        Turns: 9321, Time: 00:10:24

Health: -8/91      AC: 15    Str: 28    XL:     10   Next: 98%
Magic:  21/21      EV:  8    Int:  8    God:    Beogh [***...]
Gold:   368        SH: 12    Dex: 10    Spells: 9/9 levels left

rFire    + . .     SeeInvis .   o - +2 spear (flame)
rCold    . . .     Gourm    .   c - +0 shield
rNeg     . . .     Faith    .   w - +3 scale mail {rF+}
rPois    .         Spirit   .   u - +2 hat
rElec    .         Reflect  .   (no cloak)
rCorr    .         Harm     .   (no gloves)
MR       .....                  l - +1 pair of boots
Stlth    ..........             (no amulet)
HPRegen  0.25/turn              s - ring of magical power
MPRegen  0.17/turn              (no ring)

@: mighty
A: no striking features
a: Smiting, Renounce Religion


You were on level 1 of the Lair of Beasts.
You worshipped Beogh.
Beogh was most pleased with you.
You were very hungry.

You visited 2 branches of the dungeon, and saw 10 of its levels.

You collected 368 gold pieces.

Inventory:

Hand Weapons
 a - a +0 trident
 o - a +2 spear of flaming (weapon)
Missiles
 h - 3 throwing nets (quivered)
Armour
 c - a +0 shield (worn)
 l - a +1 pair of boots (worn)
 u - a +2 hat (worn)
 w - a +3 scale mail of fire resistance (worn)
Jewellery
 s - a ring of magical power (left hand)
 t - an uncursed amulet of the gourmand {unknown}
Wands
 n - a wand of digging (10)
 v - a wand of paralysis (12)
 y - a wand of random effects (82)
 D - a wand of iceblast (4)
Scrolls
 b - 2 scrolls of enchant armour
 k - a scroll of teleportation
 p - 2 scrolls of fog
 x - 4 scrolls of blinking
 z - 3 scrolls of remove curse
 B - a scroll of fear
Potions
 e - 3 potions of heal wounds {unknown}
 i - 5 potions of curing
 j - 2 potions of lignification {unknown}
 m - a potion of haste {unknown}
 q - a potion of magic {unknown}
 r - 2 potions of brilliance
 C - a potion of agility {unknown}
 E - a potion of flight {unknown}
 F - a potion of resistance {unknown}
Comestibles
 f - 13 rations


   Skills:
 + Level 9.3 Fighting
 * Level 11.2 Polearms
 + Level 8.5 Armour
 + Level 8.6 Shields
 + Level 3.2 Invocations


You had 9 spell levels left.
You didn't know any spells.
Your spell library contained the following spells:

 Spells                   Type           Power        Failure   Level  Hunger
 Lightning Bolt           Conj/Air       #.........   100%        5    ######.
 Summon Small Mammal      Summ           #...         89%         1    ##.....
 Summon Ice Beast         Ice/Summ       #.......     100%        4    #####..
 Call Imp                 Summ           #.......     96%         2    ###....
 Shock                    Conj/Air       #...         89%         1    ##.....
 Swiftness                Chrm/Air       #.......     96%         2    ###....
 Airstrike                Air            #.........   100%        4    #####..
 Call Canine Familiar     Summ           #.......     99%         3    ####...
 Static Discharge         Conj/Air       #.......     99%         3    ####...
 Summon Lightning Spire   Summ/Air       #.......     100%        4    #####..
 Summon Guardian Golem    Hex/Summ       #.......     99%         3    ####...


Dungeon Overview and Level Annotations

Branches:
Dungeon (9/15)             Temple (0/1) D:6            Lair (1/6) D:8
    Orc: D:9-12

Altars:
Ashenzari
Cheibriados
Gozag
Hepliaklqana
Okawaru
Qazlal
Ru
Trog
Vehumet
Wu Jian

Shops:
D:6 [   D:7 (


Message History

You swing at nothing.
You miss the blink frog.
The blink frog is heavily wounded.
The blink frog blinks!
The blink frog hits you!
* * * LOW HITPOINT WARNING * * *
You miss the blink frog.
The blink frog is heavily wounded.
The blink frog barely misses you.
You closely miss the blink frog.
The blink frog is heavily wounded.
You miss the blink frog.
The blink frog is heavily wounded.
The blink frog hits you.
* * * LOW HITPOINT WARNING * * *
The blink frog blinks!
You barely miss the blink frog. You closely miss the blink frog.
The blink frog hits you.
* * * LOW HITPOINT WARNING * * *
You miss the blink frog. The blink frog hits you!
You die...

#.................
###P##........#.##
####........###
#....<....#
#........##
###........##.
####.#F..........
#.F...........###
#@#P##.######.#
######.# .# #.. .#
P.## #.. ... #.P
#.##


You could see 2 blink frogs.

Vanquished Creatures
  A two-headed ogre (D:9)
  Pikel (D:8)
  Joseph (D:9)
  A spiny frog (Lair:1)
  A troll (D:8)
  A blink frog (Lair:1)
  2 hippogriffs
  A water moccasin (Lair:1)
  2 orc warriors
  2 sky beasts
  2 phantoms
  2 centaurs
  5 ogres
  2 wolves (D:8)
  A big kobold (D:7)
  3 bullfrogs
  A wyvern skeleton (D:8)
  A scorpion (D:4)
  4 killer bees (D:8)
  8 wights
  3 electric eels (D:8)
  2 howler monkeys
  4 crimson imps
  A bullfrog zombie (D:5)
  9 hounds
  A centaur zombie (D:8)
  3 jellies
  4 orc priests
  Terence (D:3)
  4 orc wizards
  A bullfrog skeleton (D:6)
  4 worker ants
  Natasha (thrice) (D:4)
  A hound zombie (D:8)
  A hound skeleton (D:5)
  9 adders
  15 gnolls
  A shadow imp (D:8)
  2 oozes
  An adder zombie (D:7)
  5 worms
  3 dart slugs
  3 leopard geckos
  27 orcs
  4 ball pythons
  6 bats
  7 giant cockroaches
  5 goblins
  8 hobgoblins
  8 jackals (D:3)
  5 quokkas
  5 frilled lizards
  2 jackal zombies
  10 kobolds
  A leopard gecko skeleton (D:8)
  A leopard gecko zombie (D:7)
  5 rats
217 creatures vanquished.

Vanquished Creatures (others)
  4 slaves (D:8)
  A killer bee (D:8)
  An electric eel (D:8)
  An orc priest (D:4)
  2 orcs (D:4)
9 creatures vanquished.

Grand Total: 226 creatures vanquished

Notes
Turn   | Place    | Note
-------+----------+-------------------------------------------
     0 | D:1      | inmateoo the Hill Orc Fighter began the quest for the Orb.
     0 | D:1      | Reached XP level 1. HP: 19/19 MP: 1/1
   147 | D:1      | Reached XP level 2. HP: 27/27 MP: 2/2
   742 | D:2      | Found a stormy altar of Qazlal.
   757 | D:2      | Reached skill level 3 in Polearms
   757 | D:2      | Reached XP level 3. HP: 33/33 MP: 3/3
   761 | D:2      | Noticed a fire elemental
   855 | D:2      | Reached XP level 4. HP: 20/40 MP: 4/4
  1040 | D:2      | Noticed an air elemental
  1041 | D:2      | Noticed a water elemental
  1041 | D:2      | Noticed an earth elemental
  1061 | D:2      | Found a bloodstained altar of Trog.
  1065 | D:2      | Found a snail-covered altar of Cheibriados.
  1713 | D:3      | Reached XP level 5. HP: 25/47 MP: 5/5
  1899 | D:3      | Reached skill level 4 in Polearms
  2045 | D:3      | Noticed Terence
  2069 | D:3      | Killed Terence
  2193 | D:3      | Found a radiant altar of Vehumet.
  2395 | D:4      | Noticed an ogre
  2403 | D:4      | Killed an ogre
  2403 | D:4      | Reached XP level 6. HP: 55/55 MP: 6/6
  2580 | D:4      | Reached skill level 5 in Fighting
  2589 | D:4      | Reached skill level 5 in Polearms
  2630 | D:4      | Found an ornate altar of the Wu Jian Council.
  2638 | D:4      | Reached XP level 7. HP: 54/61 MP: 7/7
  2709 | D:4      | Found a shattered altar of Ashenzari.
  2709 | D:4      | Found a sacrificial altar of Ru.
  2727 | D:4      | Noticed Natasha
  2733 | D:4      | Killed Natasha
  2918 | D:4      | Reached skill level 5 in Shields
  3088 | D:4      | Became a worshipper of Beogh the Brigand
  3374 | D:4      | Noticed Natasha
  3379 | D:4      | Killed Natasha
  3379 | D:4      | Reached skill level 5 in Armour
  3390 | D:4      | Noticed Natasha
  3410 | D:4      | Killed Natasha
  3462 | D:4      | Reached skill level 6 in Polearms
  3669 | D:5      | Entered Level 5 of the Dungeon
  4007 | D:5      | Reached XP level 8. HP: 52/70 MP: 8/8
  4284 | D:6      | Reached skill level 7 in Polearms
  4343 | D:6      | Reached * piety under Beogh
  4362 | D:6      | Found a staircase to the Ecumenical Temple.
  4440 | D:6      | Found Gaeh's Antique Armour Boutique.
  4739 | D:6      | Found a hazy altar of Hepliaklqana.
  5295 | D:7      | Reached skill level 8 in Polearms
  5336 | D:7      | Found Igequll's Weapon Boutique.
  5362 | D:7      | Noticed a hippogriff
  5376 | D:7      | Killed a hippogriff
  5376 | D:7      | Reached XP level 9. HP: 48/79 MP: 9/9
  5628 | D:7      | Found an iron altar of Okawaru.
  5669 | D:7      | Reached ** piety under Beogh
  5919 | D:7      | Found an opulent altar of Gozag.
  6118 | D:8      | Reached skill level 9 in Polearms
  6306 | D:8      | Noticed Pikel
  6330 | D:8      | Killed Pikel
  6588 | D:8      | Noticed a troll
  6606 | D:8      | Reached XP level 10. HP: 70/88 MP: 10/10
  6621 | D:8      | Reached skill level 10 in Polearms
  6952 | D:8      | Reached *** piety under Beogh
  7487 | D:8      | Found a staircase to the Lair.
  7803 | D:9      | Noticed Joseph
  7823 | D:9      | Killed Joseph
  7823 | D:9      | Reached skill level 1 in Invocations
  7958 | D:9      | Noticed a two-headed ogre
  7970 | D:9      | Killed a two-headed ogre
  8221 | D:9      | Noticed a rakshasa
  9212 | Lair:1   | Entered Level 1 of the Lair of Beasts
  9228 | Lair:1   | Reached skill level 11 in Polearms
  9276 | Lair:1   | Noticed a spiny frog
  9309 | Lair:1   | Killed a spiny frog
  9321 | Lair:1   | Mangled by a blink frog

Skill      XL: |  1  2  3  4  5  6  7  8  9 10 |
---------------+-------------------------------+-----
Fighting       | 4 5 6 7 8 9 |  9.3
Polearms       | 3 4 5 6 8 9 11 | 11.2
Shields        | 4 5 6 7 8 |  8.6
Armour         | 4 5 6 7 8 |  8.5
Invocations    | 3 |  3.2

Action                   |  1- 3 |  4- 6 |  7- 9 | 10-12 || total
-------------------------+-------+-------+-------+-------++-------
Melee: Trident           |    88 |       |       |       ||    88
       Spear             |    10 |   246 |   519 |   281 ||  1056
Invok: Convert to Beogh  |       |       |     1 |       ||     1
Evoke: Wand              |       |     3 |     2 |     8 ||    13
  Use: Scroll            |       |     6 |     4 |     4 ||    14
       Potion            |       |       |       |     2 ||     2
 Stab: Paralysed         |       |     3 |       |       ||     3
  Eat: Chunk             |       |     6 |    10 |     7 ||    23
       Ration            |       |       |     1 |       ||     1
Armor: Scale mail        |    51 |    67 |   133 |    61 ||   312
Dodge: Dodged            |    27 |    43 |    84 |    58 ||   212
Block: Shield            |    50 |    81 |   148 |    82 ||   361
